 Dungeon Crawl Stone Soup version 0.22-a0-78-g0f8607c (webtiles) character file.

117 KristoblXynda the Conjurer (level 4, -7/33 HPs)
             Began as a Draconian Conjurer on Jan 15, 2018.
             Killed from afar by an orc (21 damage)
             ... with a wand of acid (6)
             ... on level 3 of the Dungeon.
             The game lasted 00:05:05 (3063 turns).

KristoblXynda the Conjurer (Draconian Conjurer)     Turns: 3063, Time: 00:05:06

Health: -7/33      AC:  6    Str:  8 (11) XL:     4   Next: 71%
Magic:  2/9        EV: 12    Int: 15 (16) God:
Gold:   94         SH:  0    Dex: 10 (11) Spells: 6/10 levels left

rFire    . . .     SeeInvis .   n - +0 dagger
rCold    + . .     Gourm    .   (no shield)
rNeg     + . .     Faith    .   (armour unavailable)
rPois    .         Spirit   .   (helmet restricted)
rElec    .         Reflect  .   (no cloak)
rCorr    .         Harm     .   (no gloves)
MR       .....                  e - +0 pair of boots
Stlth    ++........             (no amulet)
HPRegen  0.11/turn              j - ring of positive energy
MPRegen  0.11/turn              l - ring of protection from cold

@: very slightly contaminated
A: unfitting armour, cold-blooded, AC +5
a: no special abilities


You were on level 3 of the Dungeon.
You were hungry.

You visited 1 branch of the dungeon, and saw 3 of its levels.

You collected 94 gold pieces.

Inventory:

Hand Weapons
 n - a +0 dagger (weapon)
Missiles
 d - 6 javelins (quivered)
Armour
 e - a +0 pair of boots (worn)
Jewellery
 j - a ring of positive energy (left hand)
 l - a ring of protection from cold (right hand)
Wands
 q - a wand of iceblast (12)
Scrolls
 c - a scroll of random uselessness {unknown}
 f - a scroll of amnesia {unknown}
 g - a scroll of enchant armour {unknown}
 h - a scroll of blinking
 i - 2 scrolls of remove curse {unknown}
 k - a scroll of fog {unknown}
 m - a scroll of identify {unknown}
 p - a scroll of teleportation {unknown}
 r - a scroll of enchant weapon {unknown}
Books
 a - a book of Conjurations

   Spells                             Type                      Level
   a - Magic Dart                     Conjuration                  1
   b - Searing Ray                    Conjuration                  2
   c - Dazzling Spray                 Conjuration/Hexes            3
   d - Fulminant Prism                Conjuration/Hexes            4
   e - Force Lance                    Conjuration/Translocation    4
   f - Iskenderun's Mystic Blast      Conjuration                  4
Comestibles
 b - 4 rations


   Skills:
 - Level 1.7 Dodging
 - Level 1.7 Stealth
 + Level 3.5 Spellcasting
 + Level 5.2 Conjurations


You had 6 spell levels left.
You knew the following spells:

 Your Spells              Type           Power        Failure   Level  Hunger
a - Magic Dart            Conj           ###.         2%          1    None
b - Dazzling Spray        Conj/Hex       ##....       21%         3    ###....


Dungeon Overview and Level Annotations

Branches:
Dungeon (3/15)

Altars:
Trog

Annotations:
D:3 Sigmund


Innate Abilities, Weirdness & Mutations

Your plain brown scales are hard. (AC +5)
You cannot fit into any form of body armour.
You are cold-blooded and may be slowed by cold attacks.


Message History

Are you sure you want to cancel this blink?
Blink to where?
Press: ? - help, Dir - move target cursor You are very lightly contaminated with residual magic.
As you read the scroll labeled LYIFOV TATIV, it crumbles to dust.
It was a scroll of blinking.
A goblin comes into view. It is wielding an enchanted dagger.
The goblin shouts!
You hear an angry hiss.
You hear a shout!
You hear an angry hiss.
A giant cockroach comes into view.
Found a stone staircase leading up.
A hobgoblin comes into view. It is wielding a club.
Found a stone staircase leading down.
A leopard gecko comes into view.
Found 16 bolts.
The orc completely misses you. The goblin hits you but does no damage.
The orc zaps a wand.
The bolt of acid hits you!
Ouch! That really hurt!
You die...

##>## ###......# ###
.........#
##.........# #.
#.............l ..
#..........##.. ...
#)#...........# ..#
#o##......o##.# #..
#.##.##.##.##.#...
#)##.....@g##.#.#<#.#
#(#####...sg.........
#.# #######.#.#>#.
#o###########.#
#(....o.......#
###############


You could see an orc, a giant cockroach, a hobgoblin and a goblin.

Vanquished Creatures
  5 adders
  3 gnolls (D:2)
  An orc (D:3)
  2 ball pythons (D:1)
  A giant cockroach (D:2)
  7 goblins
  5 hobgoblins
  6 jackals
  A quokka (D:3)
  4 bats
  4 kobolds
  3 rats
42 creatures vanquished.

Notes
Turn   | Place    | Note
-------+----------+-------------------------------------------
     0 | D:1      | KristoblXynda the Draconian Conjurer began the quest for the Orb.
     0 | D:1      | Reached XP level 1. HP: 14/14 MP: 3/3
   222 | D:1      | Reached XP level 2. HP: 17/20 MP: 1/5
  1062 | D:2      | Reached XP level 3. HP: 26/26 MP: 1/7
  1610 | D:2      | Reached XP level 4. HP: 33/33 MP: 2/8
  2112 | D:2      | Found a bloodstained altar of Trog.
  2219 | D:2      | Reached skill level 5 in Conjurations
  2649 | D:3      | Learned a level 3 spell: Dazzling Spray
  2917 | D:3      | Noticed Sigmund
  3063 | D:3      | Killed from afar by an orc

Vault maps used:
D:1:      elethiomel_arrival_infinity_welcomes_careful_drivers
D:2:      minmay_door_path, marbit_many_paths, lemuel_old_faithful
D:3:      tgw_fedhas, grunt_ministairs_5, uniq_sigmund, uniq_jessica

Skill      XL: |  1  2  3  4 |
---------------+-------------+-----
Spellcasting   | 3 |  3.5
Conjurations   | 5 |  5.2
Dodging        | |  1.7
Stealth        | |  1.7

Action                   |  1- 3 |  4- 6 || total
-------------------------+-------+-------++-------
Melee: Unarmed           |     8 |     5 ||    13
       Tailslap          |     1 |       ||     1
       Dagger            |       |    28 ||    28
Throw: Javelin           |     7 |     1 ||     8
 Cast: Magic Dart        |    41 |    50 ||    91
  Use: Scroll            |       |     1 ||     1
       Potion            |       |     1 ||     1
 Stab: Sleeping          |       |     1 ||     1
  Eat: Chunk             |     2 |     4 ||     6
Armor: Skin              |     6 |    15 ||    21
Dodge: Dodged            |    13 |    41 ||    54

Table legend:
 A = Spawn XP
 B = Non-spawn XP
 C = Spawn XP percentage of total XP
 D = Spawn monster count
 E = Non-spawn monster count
 F = Spawn count percentage of total count
 G = Total turns spent on level
                    A         B        C        D         E        F      G
               +---------+---------+-------+---------+---------+-------+---------
         Total |       0 |     168 |   0.0 |       0 |      42 |   0.0 |  3063
               +---------+---------+-------+---------+---------+-------+---------
           D:1 |       0 |      19 |   0.0 |       0 |      11 |   0.0 |   882
           D:2 |       0 |     107 |   0.0 |       0 |      20 |   0.0 |  1731
           D:3 |       0 |      42 |   0.0 |       0 |      11 |   0.0 |   450
               +---------+---------+-------+---------+---------+-------+---------
